 Dungeon Crawl Stone Soup version 0.29.0-13-gc9e81de378 (webtiles) character file.

Game seed: 11495758165364173667

11519 mdonais the Fighter (level 11, -2/86 HPs)
             Began as an Octopode Transmuter on Sept 11, 2022.
             Was a High Priest of Nemelex Xobeh.
             Slain by a two-headed ogre
             ... wielding a +0 giant club
              (11 damage)
             ... on level 11 of the Dungeon.
             The game lasted 00:43:40 (13100 turns).

mdonais the Fighter (Octopode Transmuter)          Turns: 13100, Time: 00:43:40

Health: -2/86      AC:  6    Str:  9    XL:     11   Next: 79%
Magic:  12/16      EV: 14    Int: 15    God:    Nemelex Xobeh [*****.]
Gold:   864        SH:  0    Dex: 18    Spells: 4/16 levels left

rFire   . . .      SeeInvis +     - Unarmed
rCold   + + +      Faith    +   (shield currently unavailable)
rNeg    + . .      Spirit   .   (helmet currently unavailable)
rPois   +          Reflect  .   I - amulet of faith
rElec   .          Harm     .   b - ring of the Little Devil {Wiz rPois rN+}
rCorr   .          Rampage  .   n - ring of willpower
Will    +....                   f - ring of protection from fire
Stlth   +++.......              s - ring of see invisible
HPRegen 0.24/turn               c - ring of protection from cold
MPRegen 0.15/turn               E - ring of protection from cold
                                (no ring)
                                (no ring)

@: ice-form
A: freezing attack, boosted hp, almost no armour, amphibious, 8 rings, large,
(camouflage 1), (gelatinous body 1), (nimble swimmer 1), (tentacles), frail 1
a: End Transformation, Renounce Religion, Draw Escape, Draw Destruction, Draw
Summoning, Triple Draw, Deal Four, Stack Five


You were on level 11 of the Dungeon.
You worshipped Nemelex Xobeh.
Nemelex Xobeh was extremely pleased with you.
You were a creature of crystalline ice.
You visited 2 branches of the dungeon, and saw 13 of its levels.
You also visited: Sewer and Ossuary.

You collected 864 gold pieces.

Inventory:

Hand Weapons
 m - the +5 hammer of Ancient Evil (melded) {vorpal, rF+ Stlth+}
   (You found it on level 2 of the Dungeon)

   It inflicts extra damage upon your enemies.
   rF:        It protects you from fire.
   Stlth:     It makes you more stealthy.
 q - a +0 arbalest
   (You took it off an orc warrior on level 8 of the Dungeon)
Missiles
 e - 2 poisoned darts
 t - 3 boomerangs (quivered)
 F - a curare-tipped dart
 G - 3 datura-tipped darts
 Z - a throwing net {=!f}
Jewellery
 b - the ring of the Little Devil (left front paw) {Wiz rPois rN+}
   (You acquired it on level 2 of the Dungeon)

   [ring of wizardry]

   It improves your spell success rate.
   rPois:     It protects you from poison.
   rN:        It protects you from negative energy.
 c - a ring of protection from cold (on tentacle)
   (You found it on level 5 of the Dungeon)
 f - a ring of protection from fire (on tentacle)
   (You found it on level 4 of the Dungeon)
 n - a ring of willpower (right front paw)
   (You found it on level 2 of the Dungeon)
 r - an amulet of regeneration
   (You found it on level 4 of the Dungeon)
 s - a ring of see invisible (on tentacle)
   (You found it on level 5 of the Dungeon)
 E - a ring of protection from cold (on tentacle)
   (You took it off an orc warrior on level 6 of the Dungeon)
 I - an amulet of faith (around neck)
   (You found it on level 8 of the Dungeon)
Wands
 y - a wand of roots (5)
   (You took it off Pikel on level 6 of the Dungeon)
 P - a wand of paralysis (22)
   (You found it on level 5 of the Dungeon)
 V - a wand of flame (30)
   (You found it on level 3 of the Dungeon)
Scrolls
 g - 3 scrolls of amnesia
 h - 4 scrolls of noise
 k - 2 scrolls of poison
 o - 3 scrolls of enchant armour
 p - 3 scrolls of immolation {unknown}
 u - a scroll of brand weapon
 w - a scroll of fear
 z - 2 scrolls of summoning
 B - 2 scrolls of blinking
 C - a scroll of butterflies
 J - a scroll of silence
 M - 2 scrolls of magic mapping
 T - 3 scrolls of teleportation
Potions
 a - 3 potions of lignification
 d - 2 potions of mutation {unknown}
 i - a potion of heal wounds
 j - 3 potions of brilliance {unknown}
 l - 2 potions of flight
 v - 4 potions of might
 x - a potion of attraction {unknown}
 A - a potion of ambrosia
 H - 5 potions of haste
 K - a potion of invisibility {unknown}
 Q - 10 potions of curing


   Skills:
 + Level 9.6 Fighting
 + Level 7.7 Dodging
 - Level 5.0 Stealth
 + Level 9.6 Unarmed Combat
 - Level 3.0 Spellcasting
 - Level 5.0 Transmutations
 - Level 3.0 Ice Magic
 - Level 2.0 Poison Magic
 + Level 7.7 Invocations
 - Level 3.0 Evocations


You had 4 spell levels left.
You knew the following spells:

 Your Spells              Type           Power      Damage    Failure   Level
a - Beastly Appendage     Tmut           34%        N/A       1%          1
b - Spider Form           Tmut/Pois      12%        N/A       6%          3
c - Ice Form              Ice/Tmut       14%        N/A       16%         4
d - Wereblood             Tmut           17%        N/A       1%          2
e - Ensorcelled Hibernat  Hex/Ice        12%        N/A       6%          2

Your spell library contained the following spells:

 Spells                   Type           Power      Damage    Failure   Level
 Slow                     Hex            8%         N/A       9%          1
 Summon Small Mammal      Summ           8%         N/A       9%          1
 Call Canine Familiar     Summ           2%         N/A       24%         3
 Confusing Touch          Hex            2%         N/A       24%         3
 Summon Guardian Golem    Hex/Summ       2%         N/A       24%         3
 Vampiric Draining        Necr           2%         2d6       24%         3
 Airstrike                Air            1%         2d(1-17)  58%         4
 Anguish                  Hex/Necr       1%         N/A       58%         4
 Summon Lightning Spire   Summ/Air       2%         N/A       58%         4
 Lightning Bolt           Conj/Air       1%         1d12      89%         5


Dungeon Overview and Level Annotations

Branches:
Dungeon (12/15) Zot: 25250  Temple (1/1) D:5 Zot: 5998    Lair (0/5) D:10
    Orc (0/2) D:10          Sewer (visited)         Ossuary (visited)

Altars:
Cheibriados
Dithmenos
Elyvilon
Fedhas
Gozag
Hepliaklqana
Kikubaaqudgha
Makhleb
Nemelex Xobeh
Okawaru
Qazlal
Ru
Sif Muna
Trog
Uskayaw
Wu Jian
Xom
Yredelemnul
The Shining One

Annotations:
D:11 1 transporter, exclusion: ice statue


Innate Abilities, Weirdness & Mutations

You are a creature of crystalline ice.
You have a powerful freezing melee attack.
Your maximum health is increased.
Your armour is entirely melded.
You are incapable of wielding weapons or throwing items.
You cannot wear most types of armour.
You are amphibious.
You can wear up to eight rings at the same time.
((Your skin changes colour to match your surroundings (Stealth+).))
((Your rubbery body absorbs attacks. (AC +1, EV +1)))
((You are camouflaged when in or above water. (Stealth+)))
((You have tentacles for arms and can constrict up to eight enemies at once.))
You are frail. (-10% HP)


Message History

You see here 9 gold pieces.
Casting: Ice Form (dangerous; 16% risk of failure)
Confirm with . or Enter, or press ? or * to list all spells.
You turn into a creature of crystalline ice.
The +5 hammer of Ancient Evil {vorpal, rF+ Stlth+} melds into your body.
The wyvern hisses angrily.
You now have 86/86 hp.
You now have 864 gold pieces (gained 9).
Unknown command.
You barely miss the wyvern. The wyvern bites you.
You take 4 damage, and have 82/86 hp.
You punch the wyvern! You freeze the wyvern.
The wyvern is almost dead.
The wyvern bites you. x2
You take 6 damage, and have 76/86 hp.
You barely miss the wyvern.
The wyvern is almost dead.
The wyvern bites you!
You take 12 damage, and have 64/86 hp.
You barely miss the wyvern.
The wyvern is almost dead.
The wyvern bites you.
You take 2 damage, and have 62/86 hp.
You barely miss the wyvern.
The wyvern is almost dead.
The wyvern barely misses you. The wyvern completely misses you.
You punch the wyvern! You freeze the wyvern.
You kill the wyvern!
No target in view!
Your transformation is almost over.
You warm up again.
The +5 hammer of Ancient Evil {vorpal, rF+ Stlth+} unmelds from your body.
There is a staircase to the Lair here.
You open the door.
There is an open door here.
You open the door.
There is an open door here.
A komodo dragon comes into view.
You see here a potion of haste.
You now have 72/72 hp.
Unknown command.
H - 5 potions of haste (gained 1)
Casting: Ice Form (dangerous; 16% risk of failure)
Confirm with . or Enter, or press ? or * to list all spells.
You turn into a creature of crystalline ice.
The +5 hammer of Ancient Evil {vorpal, rF+ Stlth+} melds into your body.
You now have 86/86 hp.
The komodo dragon hisses angrily.
You hit the komodo dragon but do no damage.
The komodo dragon closely misses you.
You pummel the komodo dragon!!
The komodo dragon seems to slow down.
You freeze the komodo dragon!
The komodo dragon is severely wounded.
The komodo dragon bites you but does no damage.
You hit the komodo dragon but do no damage.
The komodo dragon is severely wounded.
You hit the komodo dragon. You freeze the komodo dragon.
The komodo dragon is almost dead.
The komodo dragon closely misses you.
You hit the komodo dragon.
The komodo dragon seems to slow down.
You freeze the komodo dragon.
You kill the komodo dragon!
No target in view!
Your transformation is almost over.
A water moccasin comes into view.
The water moccasin moves out of view.
MP restored: 16 You warm up again.
The +5 hammer of Ancient Evil {vorpal, rF+ Stlth+} unmelds from your body.
A water moccasin is nearby!
You now have 72/72 hp.
Casting: Ice Form (dangerous; 16% risk of failure)
Confirm with . or Enter, or press ? or * to list all spells.
You miscast Ice Form.
You are very lightly contaminated with residual magic.
Heat is drained from your body. You resist.
The water moccasin hisses angrily.
You take 3 damage, and have 69/72 hp.
You now have 12/16 mp.
The water moccasin barely misses you.
Casting: Ice Form (dangerous; 16% risk of failure)
Confirm with . or Enter, or press ? or * to list all spells.
You turn into a creature of crystalline ice.
The +5 hammer of Ancient Evil {vorpal, rF+ Stlth+} melds into your body.
The water moccasin barely misses you.
You now have 83/86 hp.
You hit the water moccasin but do no damage.
The water moccasin bites you but does no damage.
You hit the water moccasin.
The water moccasin seems to slow down.
You freeze the water moccasin.
The water moccasin is lightly wounded.
The water moccasin bites you but does no damage.
You closely miss the water moccasin.
The water moccasin is lightly wounded.
You punch the water moccasin! You freeze the water moccasin.
The water moccasin is severely wounded.
The water moccasin completely misses you.
You barely miss the water moccasin.
The water moccasin is severely wounded.
The water moccasin misses you.
You punch the water moccasin! You freeze the water moccasin.
The water moccasin is almost dead.
The water moccasin is no longer moving slowly.
The water moccasin barely misses you.
You pummel the water moccasin!! You freeze the water moccasin.
You kill the water moccasin!
No target in view!
Your magical contamination has completely faded away.
Your transformation is almost over.
You warm up again.
The +5 hammer of Ancient Evil {vorpal, rF+ Stlth+} unmelds from your body.
As you open the door, it creaks loudly!
You now have 72/72 hp.
There is an open door here.
You open the door.
There is an open door here.
There is a staircase to the Orcish Mines here.
Done exploring.
Done exploring.
Done exploring.
Search for what [Enter for "."]? .
Unknown command.
(D) Dungeon (T) Temple (L) Lair (O) Orcish Mines
Where to? (Enter - D:10, ? - help)
There is a stone staircase leading down here.
You climb downwards.
Level annotation: 1 transporter, exclusion: ice statue
There is a stone staircase leading up here.
A two-headed ogre comes into view. It is wielding two +0 giant clubs.
You draw a card...
You have drawn Vitriol.
Press: ? - help, Shift-Dir - straight line, f - two-headed ogre
Aim: a two-headed ogre, wielding two +0 giant clubs (asleep)
The bolt of acid hits the two-headed ogre!!
The acid corrodes the two-headed ogre!
The two-headed ogre is heavily wounded.
The two-headed ogre shouts in stereo!
Casting: Ice Form (dangerous; 16% risk of failure)
Confirm with . or Enter, or press ? or * to list all spells.
You turn into a creature of crystalline ice.
The +5 hammer of Ancient Evil {vorpal, rF+ Stlth+} melds into your body.
The two-headed ogre hits you with a +0 giant club!! x2
You now have 41/86 hp.
You punch the two-headed ogre! You freeze the two-headed ogre!
The two-headed ogre is severely wounded.
A troll comes into view.
The two-headed ogre hits you with a +0 giant club!!
* * * LOW HITPOINT WARNING * * *
The two-headed ogre hits you with a +0 giant club!
You die...
Your body glows slightly and disappears.

. ##. .#
... .. #.#
.# #.###.#
#.#
#...#.##...
#...O.##.#
#Y#....#
#<....#
####.....
T#.. .. ..
.


You could see a two-headed ogre (corroded) and a troll.

Vanquished Creatures
  5 two-headed ogres
  Pikel (D:6)
  A moth of wrath (D:8)
  A komodo dragon (D:10)
  A troll (D:9)
  Sigmund (D:3)
  Eustachio (D:4)
  A wraith (D:10)
  3 wyverns
  5 yaks (D:10)
  A steam dragon (D:10)
  A basilisk (D:10)
  4 water moccasins (D:10)
  2 orc warriors
  3 sky beasts
  2 black bears
  3 ogres
  A lemure (D:6)
  A phantom (D:5)
  5 bullfrogs
  A kobold brigand (D:8)
  A necrophage (D:6)
  A scorpion (D:4)
  8 wights
  11 killer bees
  4 howler monkeys
  2 hounds
  2 jellies
  Crazy Yiuf (D:2)
  An orc priest (D:5)
  A gnoll bouda (D:7)
  6 iguanas
  8 orc wizards
  A hell rat (Sewer)
  8 mummies (Ossuary)
  Robin (D:2)
  3 gnolls (D:7)
  14 adders
  5 river rats
  2 shadow imps (D:6)
  A white imp (D:8)
  3 ufetubi (D:5)
  2 worms
  3 dart slugs
  45 orcs
  6 bats
  6 endoplasms
  6 giant cockroaches
  14 goblins
  9 hobgoblins
  2 quokkas
  3 ball pythons
  4 frilled lizards
  3 hobgoblin zombies (Ossuary)
  13 kobolds
  A kobold zombie (Ossuary)
  4 orc zombies (Ossuary)
  12 rats
261 creatures vanquished.

Vanquished Creatures (collateral kills)
  The ghost of Persephone the Basher, a novice GrBe of Trog (D:8)
  A hornet (D:9)
  2 orc warriors
  An ogre (D:8)
  5 wights
  4 killer bees (D:9)
  An orc wizard (D:9)
  3 gnolls (D:5)
  A white imp (D:5)
19 creatures vanquished.

Vanquished Creatures (others)
  2 demonic plants (D:2)
  2 fungi (D:10)
  18 plants (D:10)
  6 withered plants (D:3)
28 creatures vanquished.

Grand Total: 308 creatures vanquished

Notes
Turn   | Place    | Note
-------+----------+-------------------------------------------
     0 | D:1      | mdonais the Octopode Transmuter began the quest for the
                  | Orb.
     0 | D:1      | Reached XP level 1. HP: 13/13 MP: 3/3
    48 | D:1      | Reached skill level 1 in Stealth
   364 | D:1      | Reached XP level 2. HP: 17/18 MP: 5/5
  1195 | D:2      | Reached XP level 3. HP: 16/23 MP: 4/6
  1500 | D:2      | Identified a scroll of acquirement
  1507 | D:2      | Acquired the ring of the Little Devil {Wiz rPois rN+}
  1539 | D:2      | Reached XP level 4. HP: 14/29 MP: 5/7
  1549 | D:2      | Learned a level 3 spell: Spider Form
  1766 | D:2      | Found a sparkling altar of Nemelex Xobeh.
  1770 | D:2      | Learned a level 2 spell: Wereblood
  1781 | D:2      | Became a worshipper of Nemelex Xobeh the Trickster
  1892 | D:2      | Found a runed translucent door.
  1892 | D:2      | Identified the +5 hammer of Ancient Evil {vorpal, rF+
                  | Stlth+}
  1894 | D:2      | Noticed Crazy Yiuf
  1994 | D:2      | Reached skill level 1 in Poison Magic
  1997 | D:2      | Reached XP level 5. HP: 22/35 MP: 8/8
  2129 | D:2      | Noticed Robin
  2211 | D:2      | Killed Robin
  2599 | D:2      | Found a faded altar of an unknown god.
  2599 | D:2      | Noticed an ice devil
  2945 | D:3      | Found an ancient bone altar of Kikubaaqudgha.
  2957 | D:3      | Learned a level 2 spell: Ensorcelled Hibernation
  3046 | D:3      | Noticed Sigmund
  3072 | D:3      | Reached * piety under Nemelex Xobeh
  3093 | D:3      | Killed Sigmund
  3094 | D:3      | Reached XP level 6. HP: 43/43 MP: 3/9
  3820 | D:4      | Found a glowing drain.
  3825 | D:4      | Reached XP level 7. HP: 27/48 MP: 10/10
  4015 | Sewer    | Entered a sewer
  4015 | Sewer    | Received a gift from Nemelex Xobeh
  4064 | Sewer    | Reached skill level 1 in Invocations
  4350 | D:4      | Reached skill level 5 in Fighting
  4464 | D:4      | Reached ** piety under Nemelex Xobeh
  4505 | D:4      | Noticed Eustachio
  4519 | D:4      | Killed Eustachio
  4520 | D:4      | Reached XP level 8. HP: 49/55 MP: 9/11
  4823 | D:5      | Entered Level 5 of the Dungeon
  4823 | D:5      | Received a gift from Nemelex Xobeh
  4870 | D:5      | Found a sand-covered staircase.
  4886 | Ossuary  | Entered an ossuary
  5190 | D:5      | Found a staircase to the Ecumenical Temple.
  5195 | Temple   | Entered the Ecumenical Temple
  5393 | D:5      | Reached skill level 5 in Stealth
  5413 | D:5      | Reached skill level 5 in Invocations
  5418 | D:5      | Reached skill level 5 in Unarmed Combat
  5677 | D:5      | Received a gift from Nemelex Xobeh
  5941 | D:6      | Reached XP level 9. HP: 54/63 MP: 13/13
  5946 | D:6      | Learned a level 4 spell: Ice Form
  6225 | D:6      | Noticed Pikel
  6270 | D:6      | Killed Pikel
  6482 | D:6      | Reached skill level 1 in Ice Magic
  6634 | D:6      | Found a shimmering blue altar of Sif Muna.
  6634 | D:6      | Reached *** piety under Nemelex Xobeh
  6634 | D:6      | Received a gift from Nemelex Xobeh
  7913 | D:7      | Found a stormy altar of Qazlal.
  8187 | D:8      | Noticed a two-headed ogre
  8190 | D:8      | Found a bloodstained altar of Trog.
  8190 | D:8      | Noticed Persephone's ghost (novice GrBe)
  8198 | D:8      | Noticed a moth of wrath
  8207 | D:8      | Found a transporter.
  8210 | D:8      | Found a transporter.
  8224 | D:8      | Killed a moth of wrath
  8225 | D:8      | Reached skill level 5 in Transmutations
  8225 | D:8      | Reached XP level 10. HP: 71/71 MP: 9/14
  8244 | D:8      | Killed Persephone's ghost
  8245 | D:8      | Reached skill level 5 in Dodging
  8247 | D:8      | Killed a two-headed ogre
  8255 | D:8      | Identified the +5 scale mail of Tartarus {Regen+}
  8328 | D:8      | Reached **** piety under Nemelex Xobeh
  8328 | D:8      | Received a gift from Nemelex Xobeh
  8764 | D:8      | Found a hide-covered altar of Uskayaw.
  8891 | D:8      | Found a basalt altar of Yredelemnul.
  9122 | D:2      | Killed Crazy Yiuf
  9318 | D:9      | Noticed a two-headed ogre
  9323 | D:8      | Gained mutation: You are frail. (-10% HP) [mutagenic glow]
  9537 | D:8      | Killed a two-headed ogre
  9614 | D:9      | Noticed a two-headed ogre
  9628 | D:9      | Killed a two-headed ogre
  9629 | D:9      | Reached skill level 1 in Evocations
  9629 | D:9      | Reached XP level 11. HP: 23/70 MP: 10/15
 10028 | D:9      | Noticed a two-headed ogre
 10039 | D:9      | Killed a two-headed ogre
 11298 | D:9      | You fall into a shaft and drop 3 floors!
 11313 | D:11     | Found a transporter.
 11344 | D:10     | Entered Level 10 of the Dungeon
 11663 | D:10     | Received a gift from Nemelex Xobeh
 11682 | D:10     | Found a white marble altar of Elyvilon.
 11682 | D:10     | Noticed a two-headed ogre
 11931 | D:10     | Killed a two-headed ogre
 12113 | D:10     | Received a gift from Nemelex Xobeh
 12118 | D:10     | Found a staircase to the Orcish Mines.
 12155 | D:10     | Reached ***** piety under Nemelex Xobeh
 12258 | D:10     | Found a staircase to the Lair.
 13097 | D:11     | Noticed a two-headed ogre
 13100 | D:11     | Slain by a two-headed ogre

Illustrated notes

Levels and vault maps discovered:
D:1:      matt_arrival_grand_opening, layout_loops_cross,
          chequers_serial_rivers_room_b
D:2:      layout_loops_cross, dreamdust_ecumenical_altar_sealed_demon,
          basic_altar, minmay_tetromino_l2, uniq_crazy_yiuf_cottage, uniq_robin
D:3:      layout_basic, kiku_gazebo_garden_becter, uniq_sigmund
D:4:      layout_basic, gup_sewer_entry_bubbles, uniq_eustachio
D:5:      layout_rooms, minmay_temple_entry_glassed_door,
          chequers_ossuary_entry_cave
D:6:      layout_loops_ring, led_sif_pool, minivault_1, serial_park_tiny_2,
          uniq_pikel
D:7:      layout_basic, nicolae_qazlal_eye_of_the_storm, grunt_decor_junction
D:8:      layout_rooms, nicolae_uskayaw_dance_studio, lemuel_tele_altar,
          gammafunk_ghost_wrathful_warriors
D:9:      layout_loops_ring
D:10:     layout_irregular_city, elyvilon_altar_5, minmay_lair_entry_grove,
          orc_0_dummy, minivault_11, hangedman_decor_push,
          hangedman_abyss_or_decor_stagger
D:11:     layout_rooms, nzn_ghost_randoct
D:12:     layout_roguey [special_room_orc]
Temple:   nicolae_temple_x_marks_the_god

Skill      XL: |  1  2  3  4  5  6  7  8  9 10 11 |
---------------+----------------------------------+-----
Stealth        | 2 3 5 |  5.0
Fighting       | 2 3 4 5 6 7 8 9 |  9.6
Poison Magic   | 1 2 |  2.0
Unarmed Combat | 4 5 7 8 9 |  9.6
Transmutations | 3 5 |  5.0
Invocations    | 4 5 6 7 |  7.7
Dodging        | 3 4 6 7 |  7.7
Ice Magic      | 3 |  3.0
Spellcasting   | 3 |  3.0
Evocations     | 1 3 |  3.0

Action                   |  1- 3 |  4- 6 |  7- 9 | 10-12 || total
-------------------------+-------+-------+-------+-------++-------
Melee: Unarmed           |    58 |    30 |   231 |   184 ||   503
       Constrict         |    16 |    22 |    26 |     1 ||    65
       Tentacles         |     5 |    21 |    17 |       ||    43
       Kick              |     8 |    20 |    18 |       ||    46
       Punch             |     2 |     1 |     9 |     1 ||    13
       Mace              |       |    68 |    81 |     7 ||   156
       Dagger            |       |     1 |       |       ||     1
Throw: Dart              |       |       |       |     3 ||     3
       Boomerang         |       |       |       |     2 ||     2
 Cast: Beastly Appendage |    13 |    30 |    21 |       ||    64
       Spider Form       |       |     2 |    36 |       ||    38
       Wereblood         |       |     1 |     1 |     2 ||     4
       Ice Form          |       |       |     4 |    28 ||    32
Invok: Draw Destruction  |       |       |     7 |    10 ||    17
       Draw Summoning    |       |       |     2 |     5 ||     7
       Draw Escape       |       |       |     2 |     2 ||     4
Evoke: Wand              |       |       |     4 |     1 ||     5
  Use: Scroll            |     4 |     4 |     6 |     6 ||    20
       Potion            |     1 |       |     4 |     1 ||     6
 Stab: Sleeping          |     8 |    13 |    17 |     2 ||    40
       Paralysed         |       |       |     2 |       ||     2
Armor: Skin              |    13 |     6 |    13 |    36 ||    68
Dodge: Dodged            |    34 |    49 |   221 |   119 ||   423
